Map: 얼어붙은 사원

Players

llllllllllll (Scarlett) - Winner!

  • Race: Zerg Zerg
  • League: Grandmaster

IIIIIIIIIIII (XY)

  • Race: Terran Terran
  • League: Grandmaster

VOD

Have the link to the VOD?

Description

Time

  • Played on: April 14, 2016, 1:55 p.m.
  • Length: 4:01
Show
View Real Time Build Order
Export as new Build Order

llllllllllll Zerg - Winner!

Build Orders: Pool First 

Get SALT Encoding   

  12  0:01  Drone  
  13  0:08  Drone  
  13  0:12  Extractor  
  13  0:15  Drone  
  14  0:24  Overlord  
  14  0:37  Extractor  
  14  0:38  Drone  
  15  0:45  Spawning Pool  
  15  0:50  Drone  
  15  0:55  Drone  
  16  0:59  Drone  
  17  1:12  Drone  
  18  1:32  Zergling x4  
  20  1:34  Metabolic Boost  
  20  1:35  Queen  
  22  1:50  Hatchery  
  22  1:52  Drone  
  22  1:57  Overlord  
  22  2:15  Zergling x4, Queen  
  26  2:35  Zergling x4  
  28  2:39  Baneling Nest  
  28  2:42  Zergling x2  
  28  2:47  Zergling x4  
  29  2:55  Zergling x2  
  29  3:05  Zergling x4  
  30  3:15  Zergling x4  
  32  3:23  Baneling x3  
  32  3:24  Baneling x3  
  32  3:25  Zergling x4  
  34  3:29  Overlord  
  34  3:32  Baneling  
  34  3:34  Zergling x2  
Show
View Real Time Build Order
Export as new Build Order

IIIIIIIIIIII Terran 

Build Orders: Reaper Expand 

Get SALT Encoding   

  12  0:00  SCV  
  13  0:12  SCV  
  14  0:18  Supply Depot  
  14  0:25  SCV  
  15  0:40  SCV  
  15  0:41  Barracks  
  16  0:45  Refinery  
  16  0:52  SCV  
  17  1:04  SCV  
  18  1:16  SCV  
  19  1:28  Orbital Command  
  19  1:29  Reaper  
  20  1:40  Command Center  
  20  1:48  Supply Depot  
  20  1:54  SCV  
  21  2:01  Marine  
  22  2:06  SCV  
  23  2:12  Factory  
  23  2:18  SCV  
  23  2:19  Refinery  
  24  2:30  SCV  
  24  2:31  Marine  
  25  2:42  SCV  
  25  2:43  Bunker  
  26  2:54  SCV  
  26  2:57  Factory Tech Lab  
  27  3:00  Starport  
  27  3:01  Marine  
  23  3:20  SCV  
  23  3:23  Barracks Reactor  
  24  3:32  Orbital Command, SCV  
  28  3:44  SCV  
Tags
 
Add a new tag
Caveats
  • Supply blocks, unpowered buildings, or Contaminate may cause inaccurate times.
  • Supply counts are checked every 10 seconds.